AoeStats
← pagerbon

Black Forest

510523489Analyzed
4v4 RM · 2d ago on Oct 1, 2026· 23m 28s· 8 players
Game mode
Random Map
Map size
Large (8 player)
Population
200
Speed
Normal
Resources
Standard
Victory
Conquest
Starting age
Dark Age
Ending age
Imperial Age
RankedLock teamsTeams togetherTeam positionsShared explorationLock speedFull tech treeHidden civsTurbo modeCheats
Victory
Defeat
🇨🇳 Britons · China
669
+14
🇧🇷 Persians · Brazil
662
+14
🇷🇺 Sicilians · Russia
623
+15
🇳🇴 Vietnamese · Norway
584
+17
🇮🇩 Tupi · Indonesia
636
-16
🇯🇵 Teutons · Japan
629
-16
🇹🇼 Bengalis · Taiwan
596
-14
🇹🇼 Hindustanis · Taiwan
588
-14
uso61599904
2:17 Loom
21:04 Feudal Age
pigfly414
12:27 Feudal Age
13:39 Horse Collar
13:47 Double-Bit Axe
20:22 Castle Age
20:26 Padded Archer Armor
20:16 Fletching
20:29 Stone Mining
21:22 Bloodlines
21:12 Husbandry
Jawaharlal NEHRU
10:04 Loom
11:54 Feudal Age
13:29 Double-Bit Axe
17:52 Wheelbarrow
21:01 Castle Age
19:42 Horse Collar
20:16 Gold Mining
BlueGuardian
3:39 Loom
14:14 Feudal Age
14:56 Horse Collar
15:01 Double-Bit Axe
21:53 Castle Age
20:18 Stone Mining
calxibe
0:29 Loom
11:09 Feudal Age
12:11 Double-Bit Axe
20:50 Castle Age
18:44 Gold Mining
18:45 Stone Mining
19:00 Horse Collar
21:32 Crossbowman
22:18 Thumb Ring
pagerbon
2:39 Loom
12:50 Feudal Age
14:18 Wheelbarrow
13:29 Town Watch
13:26 Horse Collar
13:33 Double-Bit Axe
14:54 Arson
17:23 Man-at-Arms
☨☨☨☨
0:41 Loom
11:51 Feudal Age
16:54 Double-Bit Axe
17:19 Horse Collar
25:44 Castle Age
菜鸟驿站
0:45 Loom
12:59 Feudal Age
17:00 Double-Bit Axe
16:57 Horse Collar
20:30 Castle Age
20:38 Stone Mining
20:43 Gold Mining
Connection lost

Rejoining the realm…

Still unreachable

The connection could not be restored.

Session expired

The server has moved on; the page needs a fresh start.